 Dungeon Crawl Stone Soup version 0.26.1-11-gd32895ea62 (webtiles) character file.

Game seed: 9919057083043619508

2890 Ezendos the Fighter (level 9, -10/59 HPs)
             Began as a Gargoyle Fighter on July 15, 2021.
             Was a Believer of Okawaru.
             Mangled by a two-headed ogre
             ... wielding a +0 giant club
              (24 damage)
             ... on level 8 of the Dungeon.
             The game lasted 00:16:58 (7602 turns).

Ezendos the Fighter (Gargoyle Fighter)              Turns: 7602, Time: 00:16:59

Health: -10/59     AC: 26    Str: 20    XL:     9   Next: 77%
Magic:  9/11       EV:  9    Int: 11    God:    Okawaru [**....]
Gold:   352        SH: 13    Dex: 10    Spells: 8/8 levels left

rFire    + . .     SeeInvis .   j - +2 war axe (elec)
rCold    . . .     Faith    .   c - +0 kite shield
rNeg     + . .     Spirit   .   o - +0 plate armour
rPois    ∞         Reflect  .   (no helmet)
rElec    +         Harm     .   B - +1 cloak
rCorr    +         Rampage  .   i - +0 pair of gloves
Will     .....                  z - +0 pair of boots
Stlth    ..........             (no amulet)
HPRegen  0.19/turn              h - ring of protection from fire
MPRegen  0.12/turn              l - ring of resist corrosion

@: heroism
A: negative energy resistance 1, electricity resistance, unbreathing,
petrification resistance, miasma immunity, AC +6
a: Renounce Religion, Heroism


You were on level 8 of the Dungeon.
You worshipped Okawaru.
Okawaru was pleased with you.
You visited 1 branch of the dungeon, and saw 8 of its levels.
You also visited: Sewer.

You collected 494 gold pieces.
You spent 142 gold pieces at shops.

Inventory:

Hand Weapons
 j - a +2 war axe of electrocution (weapon)
 u - a +2 vorpal flail
Missiles
 A - a throwing net (quivered)
Armour
 c - a +0 kite shield (worn)
 f - a +0 chain mail
 i - a +0 pair of gloves (worn)
 o - a +0 plate armour (worn)
 z - a +0 pair of boots (worn)
 B - a +1 cloak (worn)
Jewellery
 h - a ring of protection from fire (left hand)
 l - a ring of resist corrosion (right hand)
 r - a cursed ring of teleportation {unknown}
 E - an uncursed ring of positive energy {unknown}
Wands
 y - a wand of disintegration (17)
 D - a wand of iceblast (9)
Scrolls
 a - 2 scrolls of blinking
 k - 2 scrolls of magic mapping
 m - a scroll of noise {unknown}
 q - a scroll of fog
 t - 3 scrolls of remove curse
 v - a scroll of fear {unknown}
 x - 2 scrolls of enchant weapon
 C - a scroll of teleportation
 F - a scroll of identify
Potions
 b - 3 potions of brilliance
 d - 2 potions of might
 e - 3 potions of heal wounds
 g - 2 potions of lignification
 n - 2 potions of curing
 p - 2 potions of magic
 s - 2 potions of berserk rage
 w - a potion of flight


   Skills:
 + Level 8.2(13.2) Fighting
 + Level 2.4(9.0) Axes
 - Level 5.4(10.7) Maces & Flails
 - Level 6.0(11.0) Armour
 - Level 2.8(7.8) Dodging
 - Level 7.9(12.9) Shields
 - Level 3.7 Invocations


You had 8 spell levels left.
You didn't know any spells.
Your spell library contained the following spells:

 Spells                   Type           Power        Failure   Level
 Corona                   Hex            0%           100%        1
 Ensorcelled Hibernation  Hex/Ice        0%           100%        2
 Confusing Touch          Hex            0%           100%        3
 Dazzling Flash           Conj/Hex       0%           100%        3
 Tukima's Dance           Hex            0%           100%        3


Dungeon Overview and Level Annotations

Branches:
Dungeon (8/15)             Temple (0/1) D:6           Sewer (visited)
   Lair: D:8-11

Altars:
Dithmenos
Fedhas
Hepliaklqana
Kikubaaqudgha
Makhleb
Nemelex Xobeh
Okawaru
Qazlal
Ru
Uskayaw
Yredelemnul
Zin

Shops:
D:5 *


Innate Abilities, Weirdness & Mutations

You are resistant to torment.
Your stone body is resilient. (AC +6)
You are immune to poison.
You resist negative energy. (rN+)
You are resistant to electric shocks. (rElec)
You can survive without breathing.
You are immune to petrification.
You are immune to miasma.


Message History

The two-headed ogre hits you with a +0 giant club.
The two-headed ogre hits you but does no damage.
You barely miss the two-headed ogre.
The two-headed ogre is moderately wounded.
You hit the two-headed ogre but do no damage.
The two-headed ogre is moderately wounded.
The two-headed ogre closely misses you. You block the two-headed ogre's attack.
You hit the two-headed ogre.
The two-headed ogre is moderately wounded.
You block the two-headed ogre's attack. The two-headed ogre barely misses you.
You hit the two-headed ogre.
Lightning courses through the two-headed ogre!
The two-headed ogre is severely wounded.
You block the two-headed ogre's attack.
The two-headed ogre hits you with a cursed -1 giant club!
* * * LOW HITPOINT WARNING * * *
You slash the two-headed ogre!
The two-headed ogre is almost dead.
The two-headed ogre hits you with a +0 giant club!!
You die...

#....# #..†........
##....# ..
##.##.#######
......# . .#.....#
....### . #.
##.####..# ....#
..##.##..## #..#
....# ..........#
#..# ....#
........#.# #..#
....# ........#.#
#..# ....#
#....@O.# #..#
....#
#.......###..#
#####
#........##..#
#........##..#
#......)))#..#
#.......#.#..#####.
#.......#.)........
#$......##..#######
#.......##..#


You could see a two-headed ogre.

Vanquished Creatures
  A meliai zombie (D:7)
  An orc warrior (D:6)
  An ice beast (D:7)
  A sky beast (D:6)
  3 ogres
  A centaur (D:8)
  2 big kobolds
  3 bullfrogs
  2 scorpions
  5 killer bees (D:7)
  7 wights (D:7)
  A howler monkey (D:4)
  A centaur zombie (D:5)
  3 hounds
  4 orc priests
  Crazy Yiuf (D:6)
  A bullfrog skeleton (D:4)
  Jessica (D:2)
  8 orc wizards
  5 worker ants
  A hound skeleton (D:7)
  4 gnolls (D:8)
  16 adders
  A howler monkey skeleton (D:7)
  A shadow imp (D:3)
  A white imp (D:7)
  An ufetubus (D:6)
  7 oozes (Sewer)
  An adder zombie (D:7)
  2 adder skeletons (D:4)
  3 worms
  4 dart slugs
  18 leopard geckos
  16 orcs
  8 bats
  21 giant cockroaches
  6 goblins
  8 hobgoblins
  13 jackals
  5 quokkas
  5 ball pythons (Sewer)
  16 frilled lizards
  16 kobolds
  A quokka skeleton (D:8)
  8 rats
235 creatures vanquished.

Vanquished Creatures (others)
  An orc wizard (D:6)
1 creature vanquished.

Grand Total: 236 creatures vanquished

Notes
Turn   | Place    | Note
-------+----------+-------------------------------------------
     0 | D:1      | Ezendos the Gargoyle Fighter began the quest for the Orb.
     0 | D:1      | Reached XP level 1. HP: 14/14 MP: 1/1
     1 | D:1      | Noticed a naga
     2 | D:1      | Noticed a minotaur
     4 | D:1      | Noticed a dwarf
     4 | D:1      | Noticed a spriggan
     6 | D:1      | Noticed an octopode
     8 | D:1      | Noticed a demigod
     8 | D:1      | Noticed a merfolk
    10 | D:1      | Noticed a vampire
    10 | D:1      | Noticed a felid
    12 | D:1      | Noticed a troll
    14 | D:1      | Noticed a ghoul
    14 | D:1      | Noticed an elf
    16 | D:1      | Noticed a gargoyle
    16 | D:1      | Noticed a centaur
    18 | D:1      | Noticed a draconian
    18 | D:1      | Noticed a halfling
    20 | D:1      | Noticed a vine stalker
    22 | D:1      | Noticed a formicid
    24 | D:1      | Noticed a tengu
    24 | D:1      | Noticed an ogre
    26 | D:1      | Noticed a human
    26 | D:1      | Noticed a demonspawn
   119 | D:1      | Reached XP level 2. HP: 20/20 MP: 2/2
   139 | D:1      | Reached skill level 4 in Fighting
   458 | D:1      | Reached XP level 3. HP: 22/24 MP: 3/3
  1206 | D:2      | Reached XP level 4. HP: 28/30 MP: 4/4
  1317 | D:2      | Found an ancient bone altar of Kikubaaqudgha.
  1327 | D:2      | Noticed Jessica
  1335 | D:2      | Killed Jessica
  1336 | D:2      | Reached skill level 5 in Fighting
  1820 | D:3      | Reached XP level 5. HP: 35/35 MP: 5/5
  2492 | D:3      | Reached skill level 5 in Shields
  2492 | D:3      | Reached XP level 6. HP: 38/40 MP: 6/6
  3409 | D:5      | Entered Level 5 of the Dungeon
  3419 | D:5      | Found Enait's General Store.
  3490 | D:5      | Bought a scroll of blinking for 97 gold pieces
  3490 | D:5      | Bought a scroll of magic mapping for 45 gold pieces
  3520 | D:5      | Reached XP level 7. HP: 45/45 MP: 7/7
  3527 | D:5      | Reached skill level 1 in Dodging
  3671 | D:5      | Found a hide-covered altar of Uskayaw.
  3698 | D:5      | Found a blossoming altar of Fedhas.
  3798 | D:5      | Found a faded altar of an unknown god.
  3798 | D:5      | Found a burning altar of Makhleb.
  3807 | D:5      | Found a stormy altar of Qazlal.
  3809 | D:5      | Found an iron altar of Okawaru.
  3810 | D:5      | Found a sacrificial altar of Ru.
  3814 | D:5      | Became a worshipper of Warmaster Okawaru
  4394 | D:4      | Reached skill level 6 in Fighting
  4481 | D:4      | Reached skill level 1 in Invocations
  4498 | D:4      | Reached skill level 5 in Armour
  4693 | D:6      | Found a glowing drain.
  4697 | Sewer    | Entered a sewer
  4763 | Sewer    | Reached XP level 8. HP: 52/52 MP: 8/8
  5011 | Sewer    | Reached * piety under Okawaru
  5263 | D:6      | Found a runed translucent door.
  5264 | D:6      | Noticed Crazy Yiuf
  5308 | D:6      | Found a staircase to the Ecumenical Temple.
  5700 | D:6      | Found a basalt altar of Yredelemnul.
  5704 | D:6      | Found a shadowy altar of Dithmenos.
  5708 | D:6      | Found a glowing silver altar of Zin.
  5857 | D:6      | Killed Crazy Yiuf
  6083 | D:7      | Found a stormy altar of Qazlal.
  6109 | D:7      | Reached skill level 7 in Fighting
  6125 | D:7      | Reached XP level 9. HP: 46/57 MP: 11/11
  6216 | D:7      | Reached ** piety under Okawaru
  6278 | D:7      | Reached skill level 5 in Maces & Flails
  6599 | D:7      | Found a hazy altar of Hepliaklqana.
  6647 | D:7      | Found a sparkling altar of Nemelex Xobeh.
  6782 | D:7      | Reached skill level 1 in Axes
  7365 | D:8      | Reached skill level 8 in Fighting
  7587 | D:8      | Noticed a two-headed ogre
  7602 | D:8      | Mangled by a two-headed ogre

Illustrated notes

Levels and vault maps discovered:
D:1:      kb_arrival_jail, layout_basic
D:2:      layout_basic, kiku_gazebo_garden_becter, hangedman_glass_garden,
          hangedman_decor_clover_reticule, uniq_jessica
D:3:      layout_basic, wad_orctagon
D:4:      minmay_opposing_rooms, layout_loops_ring
D:5:      layout_rooms, chequers_temple_overflow_minitemple,
          kennysheep_mini_moat, nicolae_overflow_hidden_temple, serial_shops,
          shop_statue, corexii_item_surrounded_by_moat
D:6:      layout_cave_pools, grunt_temple_overflow_diamond,
          minmay_temple_entry_ruins, gup_sewer_entry_spiral, serial_rivers,
          chequers_serial_rivers_micro_e, chequers_serial_rivers_room_b,
          chequers_serial_rivers_large_a, chequers_serial_rivers_micro_d,
          uniq_crazy_yiuf_cottage
D:7:      layout_layer_cave, kennysheep_little_box,
          nemelex_xobeh_ov_fountains_minmay, basic_altar
D:8:      layout_basic, marbit_many_paths, kennysheep_generic_room_12

Skill      XL: |  1  2  3  4  5  6  7  8  9 |
---------------+----------------------------+-----
Fighting       | 4 5 6 7 8 |  8.2
Shields        | 4 5 6 7 |  7.9
Armour         | 4 5 6 |  6.0
Maces & Flails | 3 4 5 |  5.4
Dodging        | 1 2 |  2.8
Invocations    | 1 2 3 |  3.7
Axes           | 2 |  2.4

Action                   |  1- 3 |  4- 6 |  7- 9 || total
-------------------------+-------+-------+-------++-------
Melee: Flail             |   141 |    91 |    28 ||   260
       War axe           |       |   112 |   423 ||   535
Invok: Heroism           |       |       |     5 ||     5
  Use: Scroll            |       |     6 |    10 ||    16
Armor: Scale mail        |    98 |    28 |       ||   126
       Chain mail        |       |   113 |   191 ||   304
       Plate armour      |       |       |   176 ||   176
Dodge: Dodged            |    63 |    43 |   158 ||   264
Block: Kite shield       |    94 |    98 |   330 ||   522
